 Dungeon Crawl Stone Soup version 0.28-a0-1493-g08698888e4 (webtiles) character file.

Game seed: 17572357856295509864

53 parzival7114810 the Skirmisher (level 3, -2/33 HPs)
             Began as a Hill Orc Fighter on Jan 12, 2022.
             Killed from afar by a white imp (10 damage)
             ... with a puff of frost
             ... summoned by Natasha
             ... on level 2 of the Dungeon.
             The game lasted 00:03:26 (2220 turns).

parzival7114810 the Skirmisher (Hill Orc Fighter)   Turns: 2220, Time: 00:03:27

Health: -2/33      AC:  7    Str: 26    XL:     3   Next: 89%
Magic:  3/3        EV:  9    Int:  8    God:
Gold:   112        SH:  4    Dex: 10    Spells: 2/2 levels left

rFire   . . .      SeeInvis .   a - +0 war axe
rCold   . . .      Faith    .   c - +0 buckler
rNeg    . . .      Spirit   .   b - +0 scale mail
rPois   .          Reflect  .   (no helmet)
rElec   .          Harm     .   (no cloak)
rCorr   .          Rampage  .   (no gloves)
Will    .....                   (no boots)
Stlth   ..........              (no amulet)
HPRegen 0.11/turn               e - +6 ring of strength
MPRegen 0.08/turn               (no ring)

@: slowed, very slow
A: no striking features
a: no special abilities


You were on level 2 of the Dungeon.
You visited 1 branch of the dungeon, and saw 2 of its levels.

You collected 112 gold pieces.

Inventory:

Hand Weapons
 a - a +0 war axe (weapon)
Armour
 b - a +0 scale mail (worn)
 c - a +0 buckler (worn)
Jewellery
 e - a +6 ring of strength (left hand)
Scrolls
 f - a scroll of teleportation
 h - a scroll of immolation
 i - a scroll of enchant weapon {unknown}
Potions
 d - a potion of might
 g - a potion of lignification


   Skills:
 + Level 4.0 Fighting
 + Level 3.5 Axes
 + Level 3.8 Armour
 + Level 0.5 Dodging
 + Level 0.4 Stealth
 + Level 3.6 Shields


You had 2 spell levels left.
You didn't know any spells.
Your spell library contained the following spells:

 Spells                   Type           Power      Damage    Failure   Level
 Slow                     Hex            0%         N/A       78%         1
 Confusing Touch          Hex            0%         N/A       98%         3
 Vampiric Draining        Necr           0%         2d6       98%         3


Dungeon Overview and Level Annotations

Branches:
Dungeon (2/15)

Altars:

Annotations:
D:2 Natasha


Message History

You slash Natasha!
You kill Natasha!
Natasha yowls pathetically as she dies!
You hear a zap.
You hear a grinding noise.
You hear a zap.
You hear a grinding noise.
You now have 112 gold pieces (gained 8).
You hear a zap.
You hear a grinding noise.
You start resting.
You hear a zap.
You hear a grinding noise.
You hear a zap.
Some rock shatters into small pieces.
You start resting.
Natasha, Servant of Life and Death comes into view.
Natasha moves out of view.
You start resting.
Natasha is nearby!
Natasha is nearby!
Natasha is nearby!
Natasha is nearby!
Natasha casts a spell.
Natasha barely misses you.
You closely miss the white imp. You miss Natasha. Natasha claws you.
The white imp hits you but does no damage.
Natasha closely misses you. The white imp closely misses you.
You barely miss the white imp. You barely miss Natasha.
You feel yourself speed up. Natasha claws you but does no damage.
The white imp closely misses you. Natasha claws you but does no damage.
The white imp hits you but does no damage.
Natasha claws you. The white imp hits you. The white imp freezes you.
* * * LOW HITPOINT WARNING * * *
Natasha casts a spell at you.
You feel yourself slow down.
The white imp summons a swarm of flies.
The white imp gestures at you. The puff of frost misses you.
Natasha barely misses you. The white imp gestures at you.
The puff of frost hits you!
You die...

#.# ..#.## P. ..
#.#.##.###### P♣ #.# #.#.#
.....#..♣
#..##...#####.#.#P♣
#.#.............♣ ♣ +##
#..#..).####.#.#♣♣.
....######.#...........§§§♣
...........#.##......#.§.♣♣
..........@h.##.######..♣P♣
.....<.....5.##.# #....♣
+##########..##.# #)..♣.
...##.######...♣♣
....##..........P.
.....#########.#.♣♣ .....>.
........♣ .......##
#####.#.#♣ ######..#
#........


You could see Natasha and a white imp (summoned).

Vanquished Creatures
  Natasha (D:2)
  An adder (D:2)
  A ball python (D:2)
  2 goblins (D:2)
  3 hobgoblins
  4 quokkas
  5 bats
  A frilled lizard (D:1)
  A kobold (D:2)
19 creatures vanquished.

Vanquished Creatures (others)
  17 plants (D:2)
17 creatures vanquished.

Grand Total: 36 creatures vanquished

Notes
Turn   | Place    | Note
-------+----------+-------------------------------------------
     0 | D:1      | parzival7114810 the Hill Orc Fighter began the quest for
                  | the Orb.
     0 | D:1      | Reached XP level 1. HP: 19/19 MP: 1/1
   565 | D:1      | Reached skill level 4 in Fighting
   565 | D:1      | Reached XP level 2. HP: 23/27 MP: 2/2
   863 | D:1      | Found a faded altar of an unknown god.
  1643 | D:2      | Reached XP level 3. HP: 15/33 MP: 3/3
  2184 | D:2      | Noticed Natasha
  2196 | D:2      | Killed Natasha
  2212 | D:2      | Noticed Natasha
  2220 | D:2      | Killed from afar by a white imp

Illustrated notes

Levels and vault maps discovered:
D:1:      elethiomel_arrival_shortcut, layout_loops_ring,
          hellmonk_ecumenical_altar_blasted
D:2:      wad_woods_stonehenge, layout_basic, uniq_natasha

Skill      XL: |  1  2 |
---------------+-------+-----
Fighting       | 4 |  4.0
Axes           | 3 |  3.5
Armour         | |  3.8
Dodging        | |  0.5
Stealth        | |  0.4
Shields        | |  3.6

Action                   || total
-------------------------++-------
Melee: War axe           ||    70
  Use: Scroll            ||     3
Armor: Scale mail        ||    88
Dodge: Dodged            ||    85
Block: Buckler           ||    38

Table legend: (Time is in decaauts)
 A = Elapsed time spent in this place.
 B = Non-inter-level travel time spent in this place.
 C = Inter-level travel time spent in this place.
 D = Time resting spent in this place.
 E = Time spent auto-exploring this place.
 F = Levels seen in this place.
 G = Mean time per level.
                   A        B        C        D        E       F      G
               +--------+--------+--------+--------+--------+-----+--------+
         Total |   2264 |   2152 |    112 |    854 |    821 |   2 | 1132.0 |
       Dungeon |   2264 |   2152 |    112 |    854 |    821 |   2 | 1132.0 |
               +--------+--------+--------+--------+--------+-----+--------+

Top non-repeatable levels by time:
     D:1: 1332 daAuts
     D:2: 931 daAuts
